 Dungeon Sprint DCSS version 0.29-a0-824-gd827844252 (webtiles) character file.

Game seed: 7259348890709411047

471 mhtbhm the Protected (level 7, -2/70 HPs)
             Began as a Gargoyle Fighter on July 10, 2022.
             Was an Elder of Qazlal.
             Slain by a shadow wraith (17 damage)
             ... in the Dungeon (Sprint VII: "The Pits").
             The game lasted 00:01:22 (1106 turns).

mhtbhm the Protected (Gargoyle Fighter)             Turns: 1106, Time: 00:01:22

Health: -2/70      AC: 20    Str: 22    XL:     7   Next: 9%
Magic:  11/11      EV:  7    Int:  8    God:    Qazlal [****..]
Gold:   0          SH: 10    Dex:  9    Spells: 6/6 levels left

rFire   . . .      SeeInvis .   a - +2 mace
rCold   . . .      Faith    .   c - +0 buckler
rNeg    + . .      Spirit   .   b - +2 plate armour
rPois   ∞          Reflect  .   (no helmet)
rElec   +          Harm     .   (no cloak)
rCorr   .          Rampage  .   (no gloves)
Will    .....      NoTele   +   (no boots)
Stlth   ..........              (no amulet)
HPRegen 0.21/turn               (no ring)
MPRegen 0.12/turn               (no ring)

@: berserking (expiring), slowed, repel missiles
A: sickness immunity, AC +4, negative energy resistance 1, electricity
resistance, torment resistance 1, petrification resistance
a: Renounce Religion, Upheaval, Elemental Force


You were in the Dungeon.
You worshipped Qazlal.
Qazlal was greatly pleased with you.
You visited 1 branch

Inventory:

Hand Weapons
 a - a +2 mace (weapon)
Missiles
 n - 3 poisoned darts (quivered)
Armour
 b - a +2 plate armour (worn)
 c - a +0 buckler (worn)
Scrolls
 j - a scroll of blinking
 l - 5 scrolls of amnesia
 m - a scroll of summoning
Potions
 d - a potion of might
 e - 5 potions of curing
 f - 3 potions of heal wounds
 g - a potion of haste
 h - 4 potions of magic
 i - 2 potions of berserk rage
 k - 2 potions of invisibility


   Skills:
 + Level 6.4 Fighting
 + Level 7.4 Maces & Flails
 + Level 8.5 Armour
 + Level 1.8 Dodging
 + Level 7.9 Shields
 * Level 6.6 Invocations


You had 6 spell levels left.
You didn't know any spells.
Your spell library was empty.

Dungeon Overview and Level Annotations

Branches:
Dungeon (1/1)

Altars:
Ashenzari
Cheibriados
Dithmenos
Elyvilon
Fedhas
Gozag
Hepliaklqana
Kikubaaqudgha
Makhleb
Nemelex Xobeh
Okawaru
Qazlal
Ru
Sif Muna
Trog
Uskayaw
Vehumet
Wu Jian
Xom
Yredelemnul
Zin
The Shining One
Jiyva
Lugonu


Innate Abilities, Weirdness & Mutations

You are immune to sickness and miasma.
Your stone body is resilient. (AC +4)
You are immune to poison.
You resist negative energy. (rN+)
You are resistant to electric shocks. (rElec)
You are resistant to unholy torment.
You are immune to petrification.


Message History

You block the kobold brigand's attack.
You sock the kobold brigand!
You kill the kobold brigand!
Qazlal accepts your kill.
You have reached level 7!
Unknown command.
Things that are here:
a +0 whip; 3 poisoned darts
n - 3 poisoned darts You open the door.
You hear a chilling moan.
No target in view!
Deactivating autopickup; reactivate with Ctrl-A.
You hit something. Something hits you!
You hit something but do no damage. Something hits you.
Something drains your vigour!
You feel yourself slow down.
You hit something. You block something's attack. Something hits you!
Something drains your vigour!
You feel as though you will be slow longer.
You barely miss something. You block something's attack.
Something hits you but does no damage.
Okay, then.
You feel much better. Something hits you!
A red film seems to cover your vision as you go berserk!
You feel yourself moving faster!
You feel mighty! Something hits you but does no damage. Something hits you!
You barely miss something. Something hits you but does no damage.
You barely miss something. Something hits you. Something drains your vigour!
You feel as though you will be slow longer.
You closely miss something. Something hits you.
You barely miss something. Something hits you but does no damage.
You hit something. Something hits you but does no damage.
You hit something. Something hits you!
* * * LOW HITPOINT WARNING * * *
Something drains your vigour!
You feel as though you will be slow longer.
You sock something! Something hits you but does no damage.
You barely miss something. Something hits you but does no damage.
You sock something! Something hits you!
You die...

#)#........##.......#
#'###########.......#
#.[.....# #########
#..#.#..# #.##.##.#
#.......#+#
#.##.##.#.+
#..#.#..#{#
#.......'@#
###########


There were no monsters in sight!

Vanquished Creatures
  A fire bat (D)
  A warg (D)
  An ogre (D)
  A kobold brigand (D)
  Jessica (D)
  A gnoll (D)
  2 adders (D)
  A white imp (D)
  An orc (D)
  A bat zombie (D)
  A giant cockroach (D)
  2 goblins (D)
  2 jackals (D)
  A rat (D)
17 creatures vanquished.

Notes
Turn   | Place    | Note
-------+----------+-------------------------------------------
     0 | D        | mhtbhm the Gargoyle Fighter began the quest for the Orb.
     0 | D        | Reached XP level 1. HP: 14/14 MP: 1/1
    28 | D        | Found a bloodstained altar of Trog.
    28 | D        | Found a shimmering blue altar of Sif Muna.
    28 | D        | Found a viscous altar of Jiyva.
    28 | D        | Found a hazy altar of Hepliaklqana.
    28 | D        | Found an opulent altar of Gozag.
    29 | D        | Found a glowing golden altar of the Shining One.
    29 | D        | Found a glowing silver altar of Zin.
    29 | D        | Found a basalt altar of Yredelemnul.
    29 | D        | Found a shimmering altar of Xom.
    29 | D        | Found an ornate altar of the Wu Jian Council.
    29 | D        | Found a sacrificial altar of Ru.
    29 | D        | Found a stormy altar of Qazlal.
    29 | D        | Found an iron altar of Okawaru.
    29 | D        | Found a sparkling altar of Nemelex Xobeh.
    29 | D        | Found a burning altar of Makhleb.
    29 | D        | Found a blossoming altar of Fedhas.
    29 | D        | Found a white marble altar of Elyvilon.
    29 | D        | Found a shadowy altar of Dithmenos.
    29 | D        | Found a snail-covered altar of Cheibriados.
    31 | D        | Found a radiant altar of Vehumet.
    31 | D        | Found a corrupted altar of Lugonu.
    32 | D        | Found a hide-covered altar of Uskayaw.
    32 | D        | Found an ancient bone altar of Kikubaaqudgha.
    32 | D        | Found a broken altar of Ashenzari.
    36 | D        | Became a worshipper of Qazlal Stormbringer
   166 | D        | Reached * piety under Qazlal
   167 | D        | Reached skill level 4 in Armour
   167 | D        | Reached XP level 2. HP: 13/20 MP: 2/2
   173 | D        | Reached skill level 1 in Invocations
   392 | D        | Reached XP level 3. HP: 24/24 MP: 2/4
   392 | D        | Reached ** piety under Qazlal
   395 | D        | Noticed an ogre
   406 | D        | Killed an ogre
   407 | D        | Reached skill level 5 in Fighting
   407 | D        | Reached skill level 6 in Armour
   407 | D        | Reached skill level 5 in Shields
   407 | D        | Reached XP level 4. HP: 4/31 MP: 3/6
   407 | D        | Reached XP level 5. HP: 5/35 MP: 3/7
   712 | D        | Noticed a warg
   720 | D        | Reached *** piety under Qazlal
   733 | D        | Killed a warg
   734 | D        | Reached skill level 5 in Maces & Flails
   734 | D        | Reached skill level 7 in Armour
   734 | D        | Reached skill level 1 in Dodging
   734 | D        | Reached skill level 5 in Invocations
   734 | D        | Reached XP level 6. HP: 34/41 MP: 7/9
   750 | D        | Noticed Jessica
   756 | D        | Killed Jessica
   757 | D        | Noticed a fire bat
   898 | D        | Killed a fire bat
   898 | D        | Reached **** piety under Qazlal
   899 | D        | Reached skill level 8 in Armour
  1089 | D        | Reached XP level 7. HP: 47/47 MP: 11/11
  1106 | D        | Slain by a shadow wraith

Illustrated notes

Levels and vault maps discovered:
D:        pitsprint [storerooms_1, entrance_room_1, metal_vault_6, armoury_3,
          mini_pit_1, grid_room_1, main_hall_1, silver_pit, the_coven_3,
          the_vestibule_1, steel_vault_3, golden_pit, hallway_of_sentries,
          crystal_vault_3, iron_vault_1, final_vault]

Skill      XL: |  1  2  3  4  5  6 |
---------------+-------------------+-----
Fighting       | 4 5 6 |  6.4
Armour         | 4 6 7 8 |  8.5
Shields        | 4 5 6 7 |  7.9
Invocations    | 1 3 5 6 |  6.6
Maces & Flails | 4 5 7 |  7.4
Dodging        | 1 |  1.8

Action                   |  1- 3 |  4- 6 |  7- 9 || total
-------------------------+-------+-------+-------++-------
Melee: Mace              |    44 |    48 |    13 ||   105
       Flail             |    11 |       |       ||    11
  Use: Potion            |     1 |     2 |     2 ||     5
Armor: Scale mail        |    41 |       |       ||    41
       Plate armour      |       |    27 |     7 ||    34
Dodge: Dodged            |    42 |    17 |       ||    59
Block: Buckler           |    23 |    38 |     2 ||    63

Table legend: (Time is in decaauts)
 A = Elapsed time spent in this place.
 B = Non-inter-level travel time spent in this place.
 C = Inter-level travel time spent in this place.
 D = Time resting spent in this place.
 E = Time spent auto-exploring this place.
 F = Levels seen in this place.
 G = Mean time per level.
                   A        B        C        D        E       F      G
               +--------+--------+--------+--------+--------+-----+--------+
         Total |   1135 |   1135 |      0 |    596 |    236 |   1 | 1135.0 |
       Dungeon |   1135 |   1135 |      0 |    596 |    236 |   1 | 1135.0 |
               +--------+--------+--------+--------+--------+-----+--------+

Top non-repeatable levels by time:
       D: 1135 daAuts
